 Dungeon Crawl Stone Soup version 0.28-a0-662-g1651b1f1e0 (webtiles) character file.

Game seed: 6241038450089846281

1428 kae the Ruffian (level 8, -3/68 HPs)
             Began as a Black Draconian Transmuter on Oct 14, 2021.
             Splashed by a jelly's acid (7 damage)
             ... on level 6 of the Dungeon.
             The game lasted 00:06:14 (6902 turns).

kae the Ruffian (Black Draconian Transmuter)        Turns: 6902, Time: 00:06:15

Health: -3/68      AC: -8    Str: 13    XL:     8   Next: 44%
Magic:  9/11       EV: 12    Int: 15    God:
Gold:   292        SH:  0    Dex: 12    Spells: 3/11 levels left

rFire   . . .      SeeInvis .     - Unarmed
rCold   . . .      Faith    .   (no shield)
rNeg    . . .      Spirit   .   (armour unavailable)
rPois   .          Reflect  .   (helmet restricted)
rElec   +          Harm     .   k - +1 cloak
rCorr   .          Rampage  .   (no gloves)
Will    .....                   (no boots)
Stlth   +.........              (no amulet)
HPRegen 0.21/turn               (no ring)
MPRegen 0.12/turn               (no ring)

@: corroded
A: breathe lightning, AC +6, unfitting armour, electricity resistance,
cold-blooded
a: Breathe Lightning


You were on level 6 of the Dungeon.
You visited 1 branch of the dungeon, and saw 6 of its levels.

You collected 292 gold pieces.

Inventory:

Armour
 k - a +1 cloak (worn)
Jewellery
 h - an amulet of regeneration
Wands
 i - a wand of polymorph (4)
 j - a wand of flame (12)
Potions
 a - a potion of magic
 b - a potion of ambrosia
 c - 3 potions of curing
 d - 2 potions of berserk rage
 e - 2 potions of mutation
 f - 2 potions of flight
 m - a potion of attraction {unknown}


   Skills:
 + Level 5.0 Fighting
 - Level 1.7 Dodging
 * Level 7.2 Unarmed Combat
 - Level 2.0 Spellcasting
 + Level 5.0 Transmutations
 - Level 4.0 Ice Magic
 - Level 2.0 Poison Magic


You had 3 spell levels left.
You knew the following spells:

 Your Spells              Type           Power      Damage    Failure   Level
a - Beastly Appendage     Tmut           32%        N/A       2%          1
b - Spider Form           Tmut/Pois      6%         N/A       16%         3
c - Ice Form              Ice/Tmut       15%        N/A       34%         4

Your spell library contained the following spells:

 Spells                   Type           Power      Damage    Failure   Level
 Wereblood                Tmut           16%        N/A       4%          2
 Summon Forest            Summ/Tloc      0%         N/A       99%         5
 Eringya's Noxious Bog    Tmut/Pois      6%         N/A       100%        6
 Summon Hydra             Summ           0%         N/A       100%        7


Dungeon Overview and Level Annotations

Branches:
Dungeon (6/15)
 Temple: D:4-7

Altars:
Cheibriados
Dithmenos
Elyvilon
Fedhas
Makhleb
Nemelex Xobeh
Okawaru
Qazlal
Wu Jian
Zin

Shops:
D:1 *

Annotations:
D:3 3 runed translucent doors, SeagullWaffle's ghost, amateur DrAr


Innate Abilities, Weirdness & Mutations

You can breathe wild blasts of lightning.
Your glossy black scales are hard. (AC +6)
You cannot fit into any form of body armour.
You are resistant to electric shocks. (rElec)
You are cold-blooded and may be slowed by cold attacks.


Message History

The jelly hits you but does no damage.
You hit the jelly but do no damage. The acid corrodes you!
Your hands burn!
The jelly is heavily wounded.
The jelly misses you.
You hit the jelly.
Your hands burn!
The jelly is severely wounded.
The jelly hits you. The acid corrodes you!
You are splashed with acid!
You hit the jelly.
Your hands burn!
The jelly is almost dead.
The jelly barely misses you.
You hit the jelly but do no damage.
Your hands burn!
You tail-slap the jelly.
The jelly is almost dead.
The jelly hits you.
You are splashed with acid!
You are too injured to fight recklessly!
You are too injured to fight recklessly!
You hit the jelly but do no damage. The acid corrodes you!
Your hands burn!
The jelly is almost dead.
The jelly closely misses you.
You hit the jelly but do no damage.
Your hands burn!
You tail-slap the jelly, but do no damage.
The jelly is almost dead.
The jelly barely misses you.
You hit the jelly but do no damage. The acid corrodes you!
Your hands burn!
The jelly is almost dead.
You hit the jelly but do no damage.
Your hands burn!
* * * LOW HITPOINT WARNING * * *
You punch the jelly, but do no damage.
The jelly is almost dead.
The jelly hits you.
* * * LOW HITPOINT WARNING * * *
You are splashed with acid!
* * * LOW HITPOINT WARNING * * *
Your magical contamination has completely faded away.
You hit the jelly but do no damage.
Your hands burn!
* * * LOW HITPOINT WARNING * * *
The jelly is almost dead.
The jelly hits you.
* * * LOW HITPOINT WARNING * * *
You are splashed with acid!
You die...

.#. ... #.# #.# .###
###.# .... #...# ###
#..J# ##.#..@####
...........########
..................####
#..........#####.....###
#.#.#....#.# ##....#....
# #.#......# #.......)..
# #...#.## #......)#..
#####.####.#....<#..
#............#.#


You could see a jelly.

Vanquished Creatures
  Sigmund (D:2)
  A water moccasin (D:6)
  A sky beast (D:5)
  2 black bears
  An ogre (D:5)
  A phantom (D:5)
  2 scorpions (D:5)
  A water moccasin skeleton (D:5)
  A bullfrog zombie (D:6)
  A jelly (D:4)
  A centaur zombie (D:4)
  A gnoll shaman (D:5)
  Crazy Yiuf (D:4)
  3 iguanas
  An orc priest (D:5)
  2 hounds
  Terence (D:2)
  2 orc wizards (D:3)
  Robin (D:3)
  2 gnolls (D:6)
  4 adders
  An adder skeleton (D:4)
  A worm (D:2)
  2 dart slugs
  19 orcs
  4 ball pythons (D:1)
  6 endoplasms
  2 giant cockroaches
  15 goblins
  10 hobgoblins
  7 kobolds
  2 quokkas
  2 bats
  10 frilled lizards
  7 rats
119 creatures vanquished.

Vanquished Creatures (others)
  6 plants (D:2)
6 creatures vanquished.

Grand Total: 125 creatures vanquished

Notes
Turn   | Place    | Note
-------+----------+-------------------------------------------
     0 | D:1      | kae the Draconian Transmuter began the quest for the Orb.
     0 | D:1      | Reached XP level 1. HP: 16/16 MP: 3/3
   296 | D:1      | Reached XP level 2. HP: 23/23 MP: 5/5
   347 | D:1      | Found Unuu's Assorted Antiques.
   365 | D:1      | Found a faded altar of an unknown god.
  1008 | D:2      | Noticed Sigmund
  1145 | D:2      | Reached XP level 3. HP: 24/29 MP: 4/6
  1210 | D:2      | Learned a level 3 spell: Spider Form
  1226 | D:2      | Killed Sigmund
  1227 | D:2      | Reached skill level 4 in Unarmed Combat
  1227 | D:2      | Reached XP level 4. HP: 28/38 MP: 4/7
  1227 | D:2      | Reached XP level 5. HP: 33/45 MP: 4/8
  1785 | D:2      | Found a shadowy altar of Dithmenos.
  1785 | D:2      | Noticed Terence
  1818 | D:2      | Killed Terence
  1819 | D:2      | Reached skill level 5 in Unarmed Combat
  2373 | D:3      | Noticed Robin
  2572 | D:2      | Learned a level 4 spell: Ice Form
  2757 | D:3      | Reached XP level 6. HP: 40/51 MP: 6/9
  2760 | D:3      | Killed Robin
  3032 | D:3      | Found a runed translucent gate.
  3032 | D:3      | Found a runed translucent gate.
  3032 | D:3      | Found a runed translucent gate.
  3033 | D:3      | Noticed SeagullWaffle's ghost (amateur DrAr)
  3169 | D:3      | Found a blossoming altar of Fedhas.
  3171 | D:3      | Found a shadowy altar of Dithmenos.
  3175 | D:3      | Found a burning altar of Makhleb.
  3175 | D:3      | Found a stormy altar of Qazlal.
  3175 | D:3      | Found a snail-covered altar of Cheibriados.
  3175 | D:3      | Found a white marble altar of Elyvilon.
  3176 | D:3      | Found a sparkling altar of Nemelex Xobeh.
  3177 | D:3      | Found an ornate altar of the Wu Jian Council.
  3179 | D:3      | Found a glowing silver altar of Zin.
  3180 | D:3      | Found an iron altar of Okawaru.
  3664 | D:4      | Reached skill level 1 in Ice Magic
  3948 | D:4      | Reached skill level 1 in Poison Magic
  4087 | D:4      | Found a runed translucent door.
  4088 | D:4      | Noticed Crazy Yiuf
  4274 | D:4      | Your scales start taking on a glossy black colour.
  4274 | D:4      | Reached XP level 7. HP: 54/58 MP: 7/10
  4274 | D:4      | Gained mutation: You are resistant to electric shocks.
                  | (rElec) [Black Draconian growth]
  4704 | D:4      | Killed Crazy Yiuf
  4995 | D:5      | Entered Level 5 of the Dungeon
  5068 | D:5      | Reached skill level 6 in Unarmed Combat
  5813 | D:5      | Reached XP level 8. HP: 67/67 MP: 7/11
  6522 | D:6      | Reached skill level 5 in Fighting
  6522 | D:6      | Reached skill level 7 in Unarmed Combat
  6719 | D:6      | Reached skill level 5 in Transmutations
  6902 | D:6      | Splashed by a jelly's acid

Illustrated notes

Levels and vault maps discovered:
D:1:      minmay_arrival_three_doors, layout_basic, serial_shops,
          nicolae_shop_trees, basic_ecumenical_altar
D:2:      layout_basic, basic_altar, minmay_lizard_king, uniq_terence,
          uniq_sigmund
D:3:      layout_basic, minitemple, gammafunk_ghost_nasty_kobolds,
          chequers_serial_rivers_small_b, minmay_misc_feat_five,
          interstate_on_off, uniq_robin
D:4:      layout_gridville, uniq_crazy_yiuf_cottage
D:5:      minmay_general_purpose_star, layout_basic, hellmonk_bongcloud_opening
D:6:      layout_loops_ring, minmay_temple_entry_nine_rooms,
          hangedman_minor_gate_pass

Skill      XL: |  1  2  3  4  5  6  7  8 |
---------------+-------------------------+-----
Fighting       | 3 4 5 |  5.0
Unarmed Combat | 4 5 6 7 |  7.2
Transmutations | 3 4 5 |  5.0
Ice Magic      | 2 3 4 |  4.0
Poison Magic   | 2 |  2.0
Dodging        | |  1.7
Spellcasting   | |  2.0

Action                   |  1- 3 |  4- 6 |  7- 9 || total
-------------------------+-------+-------+-------++-------
Melee: Unarmed           |    62 |   180 |   161 ||   403
       Tailslap          |     4 |    12 |    11 ||    27
       Punch             |     2 |     1 |     4 ||     7
       Kick              |     6 |     9 |     3 ||    18
       Headbutt          |     3 |     5 |       ||     8
 Cast: Beastly Appendage |    16 |    20 |     1 ||    37
       Spider Form       |     1 |    17 |    14 ||    32
  Use: Scroll            |     3 |     2 |    10 ||    15
       Potion            |       |       |     1 ||     1
Armor: Skin              |    15 |    40 |    20 ||    75
Dodge: Dodged            |    34 |   132 |   110 ||   276

Table legend: (Time is in decaauts)
 A = Elapsed time spent in this place.
 B = Non-inter-level travel time spent in this place.
 C = Inter-level travel time spent in this place.
 D = Time resting spent in this place.
 E = Time spent auto-exploring this place.
 F = Levels seen in this place.
 G = Mean time per level.
                   A        B        C        D        E       F      G
               +--------+--------+--------+--------+--------+-----+--------+
         Total |   6870 |   6664 |    206 |    211 |   5393 |   6 | 1145.0 |
       Dungeon |   6870 |   6664 |    206 |    211 |   5393 |   6 | 1145.0 |
               +--------+--------+--------+--------+--------+-----+--------+

Top non-repeatable levels by time:
     D:2: 1678 daAuts
     D:5: 1522 daAuts
     D:4: 1409 daAuts
     D:1: 1055 daAuts
     D:3: 837 daAuts
     D:6: 367 daAuts
